TOP OF THE 1ST |
Santa Clarita Music batting - Pitching for Hartford Darth Whalers : RHP Preston Williams
|
Pitching: RHP Preston Williams
|
|
Batting: RHB Roberto García
|
0-0: Called Strike 0-1: Ball 1-1: Ball 2-1: Fly out, F9 (Flyball, 9)
|
Batting: RHB Júlio Mateo
|
0-0: Called Strike 0-1: Swinging Strike 0-2: Ball 1-2: Strikes out swinging
|
Batting: LHB Daryl Thomas
|
0-0: Ball 1-0: Foul Ball, location: 2F 1-1: Ball 2-1: Fly out, F5 (Popup, 25F)
|
Top of the 1st over - 0 runs, 0 hits, 0 errors, 0 left on base; Santa Clarita 0 - Hartford 0 |
BOTTOM OF THE 1ST |
Hartford Darth Whalers batting - Pitching for Santa Clarita Music : LHP Carl Barker
|
Pitching: LHP Carl Barker
|
|
Batting: SHB Will O'Clerkin
|
0-0: Foul Ball, location: 2F 0-1: Called Strike 0-2: SINGLE (Line Drive, 7S)
|
Batting: RHB Ryan Thrippleton
|
0-0: Called Strike 0-1: Ball 1-1: Ball 2-1: Ball 3-1: Called Strike 3-2: SINGLE (Line Drive, 6D) Will O'Clerkin to second
|
Batting: LHB Timothy Pierce
|
0-0: Grounds into double play, 1-4-3 (Groundball, 15S) Will O'Clerkin to third
|
Batting: RHB Gilbert Nava
|
0-0: Foul Ball, location: 2F 0-1: Ball 1-1: Ball 2-1: Foul Ball, location: 2F 2-2: Foul Ball, location: 2F 2-2: Fly out, F9 (Flyball, 9LDF)
|
Bottom of the 1st over - 0 runs, 2 hits, 0 errors, 1 left on base; Santa Clarita 0 - Hartford 0 |
TOP OF THE 2ND |
Santa Clarita Music batting - Pitching for Hartford Darth Whalers : RHP Preston Williams
|
Batting: RHB Jeff Peterson
|
0-0: Ball 1-0: Swinging Strike 1-1: Called Strike 1-2: Ball 2-2: Ball 3-2: Base on Balls
|
Batting: LHB Federico Medina
|
0-0: Called Strike 0-1: Ball 1-1: Fly out, F8 (Flyball, 8LD)
|
Batting: RHB Bill Ménard
|
0-0: Called Strike Balk! Jeff Peterson to second 0-1: Foul Ball, location: 2F 0-2: Ball 1-2: Strikes out swinging
|
Batting: RHB Geoffrey Bishop
|
0-0: Swinging Strike 0-1: Called Strike 0-2: Ball 1-2: Foul Ball, location: 2F 1-2: Foul Ball, location: 2F 1-2: Ball 2-2: SINGLE (Flyball, 34D) Jeff Peterson to third Runner from 3rd tries for Home, SAFE, no throw
|
Batting: RHB Francisco Candelária
|
0-0: Called Strike Geoffrey Bishop steals 2nd base 0-1: Ball 1-1: Swinging Strike 1-2: Strikes out swinging
|
Top of the 2nd over - 1 run, 1 hit, 0 errors, 1 left on base; Santa Clarita 1 - Hartford 0 |
BOTTOM OF THE 2ND |
Hartford Darth Whalers batting - Pitching for Santa Clarita Music : LHP Carl Barker
|
Batting: LHB Edgar Cameron
|
0-0: Ball 1-0: Called Strike 1-1: Swinging Strike 1-2: SINGLE (Groundball, 3D)
|
Batting: RHB Richard Jeffries
|
0-0: Called Strike 0-1: Called Strike 0-2: Ball 1-2: Ball 2-2: Foul Ball, location: 2F 2-2: Foul Ball, location: 2F 2-2: Ball 3-2: Strikes out looking
|
Batting: RHB Luis Mota
|
0-0: Called Strike 0-1: Swinging Strike 0-2: Strikes out looking
|
Batting: RHB Vincent Lowe
|
0-0: Ball 1-0: Ball 2-0: Ball 3-0: Called Strike 3-1: Fly out, F3 (Popup, 34S)
|
Bottom of the 2nd over - 0 runs, 1 hit, 0 errors, 1 left on base; Santa Clarita 1 - Hartford 0 |
TOP OF THE 3RD |
Santa Clarita Music batting - Pitching for Hartford Darth Whalers : RHP Preston Williams
|
Batting: SHB Matthew Hughes
|
0-0: Ball 1-0: Ground out 6-3 (Groundball, 6D)
|
Batting: RHB Roberto García
|
0-0: Called Strike 0-1: Ball 1-1: Foul Ball, location: 2F 1-2: Strikes out swinging
|
Batting: RHB Júlio Mateo
|
0-0: SINGLE (Line Drive, 7S)
|
Batting: LHB Daryl Thomas
|
0-0: Ball Júlio Mateo is caught stealing 2nd base
|
Top of the 3rd over - 0 runs, 1 hit, 0 errors, 0 left on base; Santa Clarita 1 - Hartford 0 |
BOTTOM OF THE 3RD |
Hartford Darth Whalers batting - Pitching for Santa Clarita Music : LHP Carl Barker
|
Batting: LHB Reginald Stokes
|
0-0: Ball 1-0: Ball 2-0: Ground out 4-3 (Groundball, 34)
|
Batting: SHB Will O'Clerkin
|
0-0: Called Strike 0-1: Ground out 4-3 (Groundball, 4)
|
Batting: RHB Ryan Thrippleton
|
0-0: Called Strike 0-1: Foul Ball, location: 2F 0-2: Ball 1-2: Foul Ball, location: 2F 1-2: Foul Ball, location: 2F 1-2: Fly out, F8 (Flyball, 8LS)
|
Bottom of the 3rd over - 0 runs, 0 hits, 0 errors, 0 left on base; Santa Clarita 1 - Hartford 0 |
TOP OF THE 4TH |
Santa Clarita Music batting - Pitching for Hartford Darth Whalers : RHP Preston Williams
|
Batting: LHB Daryl Thomas
|
0-0: Called Strike 0-1: Ball 1-1: Ball 2-1: Ground out 1-3 (Groundball, 13)
|
Batting: RHB Jeff Peterson
|
0-0: Ball 1-0: Ball 2-0: DOUBLE (Line Drive, 9LS)
|
Batting: LHB Federico Medina
|
0-0: Ball Wild Pitch! Jeff Peterson to third 1-0: Called Strike 1-1: Ground out 4-3 (Groundball, 4) Jeff Peterson scores
|
Batting: RHB Bill Ménard
|
0-0: Called Strike 0-1: Foul Ball, location: 2F 0-2: Ball 1-2: Strikes out swinging
|
Top of the 4th over - 1 run, 1 hit, 0 errors, 0 left on base; Santa Clarita 2 - Hartford 0 |
BOTTOM OF THE 4TH |
Hartford Darth Whalers batting - Pitching for Santa Clarita Music : LHP Carl Barker
|
Batting: LHB Timothy Pierce
|
0-0: Ball 1-0: Foul Ball, location: 2F 1-1: Foul Ball, location: 2F 1-2: Ball 2-2: Ground out U3 (Groundball, 3)
|
Batting: RHB Gilbert Nava
|
0-0: Ball 1-0: Swinging Strike 1-1: Foul Ball, location: 2F 1-2: Fly out, F8 (Flyball, 8LM)
|
Batting: LHB Edgar Cameron
|
0-0: Ball 1-0: Swinging Strike 1-1: Foul Ball, location: 2F 1-2: Foul Ball, location: 2F 1-2: Ground out 6-3 (Groundball, 6)
|
Bottom of the 4th over - 0 runs, 0 hits, 0 errors, 0 left on base; Santa Clarita 2 - Hartford 0 |
TOP OF THE 5TH |
Santa Clarita Music batting - Pitching for Hartford Darth Whalers : RHP Preston Williams
|
Batting: RHB Geoffrey Bishop
|
0-0: Foul Ball, location: 2F 0-1: Ball 1-1: Ground out 4-3 (Groundball, 4)
|
Batting: RHB Francisco Candelária
|
0-0: Fly out, F9 (Flyball, 9)
|
Batting: SHB Matthew Hughes
|
0-0: Foul Ball, location: 2F 0-1: Ball 1-1: Ball 2-1: Foul Ball, location: 2F 2-2: Foul Ball, location: 2F 2-2: Ball 3-2: SINGLE (Groundball, 34S) (infield hit)
|
Batting: RHB Roberto García
|
0-0: Ball 1-0: Foul Ball, location: 2F 1-1: Ball 2-1: Foul Ball, location: 2F 2-2: Foul Ball, location: 2F 2-2: Strikes out looking
|
Top of the 5th over - 0 runs, 1 hit, 0 errors, 1 left on base; Santa Clarita 2 - Hartford 0 |
BOTTOM OF THE 5TH |
Hartford Darth Whalers batting - Pitching for Santa Clarita Music : LHP Carl Barker
|
Batting: RHB Richard Jeffries
|
0-0: Swinging Strike 0-1: Called Strike 0-2: Ball 1-2: Reached on error, E6 (Groundball, 6)
|
Batting: RHB Luis Mota
|
0-0: Ball 1-0: Ball 2-0: Fly out, F5 (Line Drive, 56S)
|
Batting: RHB Vincent Lowe
|
0-0: Ball 1-0: Ball 2-0: Called Strike 2-1: Fly out, F9 (Flyball, 9LM)
|
Batting: LHB Reginald Stokes
|
0-0: Called Strike 0-1: Called Strike 0-2: Strikes out looking
|
Bottom of the 5th over - 0 runs, 0 hits, 1 error, 1 left on base; Santa Clarita 2 - Hartford 0 |
TOP OF THE 6TH |
Santa Clarita Music batting - Pitching for Hartford Darth Whalers : RHP Preston Williams
|
Batting: RHB Júlio Mateo
|
0-0: Called Strike 0-1: Ball 1-1: Foul Ball, location: 2F 1-2: Ball 2-2: Fly out, F7 (Flyball, 7S)
|
Batting: LHB Daryl Thomas
|
0-0: Ground out 3-1 (Groundball, 34S)
|
Batting: RHB Jeff Peterson
|
0-0: Ball 1-0: Swinging Strike 1-1: Ball 2-1: Ball 3-1: Foul Ball, location: 2F 3-2: Foul Ball, location: 2F 3-2: Base on Balls
|
Batting: LHB Federico Medina
|
0-0: Called Strike 0-1: Swinging Strike 0-2: Ball 1-2: Ground out 4-3 (Groundball, 4)
|
Top of the 6th over - 0 runs, 0 hits, 0 errors, 1 left on base; Santa Clarita 2 - Hartford 0 |
BOTTOM OF THE 6TH |
Hartford Darth Whalers batting - Pitching for Santa Clarita Music : LHP Carl Barker
|
Batting: SHB Will O'Clerkin
|
0-0: Swinging Strike 0-1: Foul Ball, location: 2F 0-2: Ball 1-2: Foul Ball, location: 2F 1-2: Ground out 6-3 (Groundball, 6S)
|
Batting: RHB Ryan Thrippleton
|
0-0: Ball 1-0: SOLO HOME RUN (Flyball, 7D), Distance : 391 ft
|
Batting: LHB Timothy Pierce
|
0-0: Ball 1-0: Ball 2-0: Foul Ball, location: 2F 2-1: Fly out, F9 (Flyball, 9LM)
|
Batting: RHB Gilbert Nava
|
0-0: Foul Ball, location: 2F 0-1: Ball 1-1: Ground out 6-3 (Groundball, 6)
|
Bottom of the 6th over - 1 run, 1 hit, 0 errors, 0 left on base; Santa Clarita 2 - Hartford 1 |
TOP OF THE 7TH |
Santa Clarita Music batting - Pitching for Hartford Darth Whalers : RHP Preston Williams
|
Batting: RHB Bill Ménard
|
0-0: Foul Ball, location: 2F 0-1: Ball 1-1: Ball 2-1: Swinging Strike 2-2: Ground out 5-3 (Groundball, 5)
|
Batting: RHB Geoffrey Bishop
|
0-0: Fly out, F3 (Popup, 3S)
|
Batting: RHB Francisco Candelária
|
0-0: Ball 1-0: Ball 2-0: Fly out, F7 (Flyball, 7LSF)
|
Top of the 7th over - 0 runs, 0 hits, 0 errors, 0 left on base; Santa Clarita 2 - Hartford 1 |
BOTTOM OF THE 7TH |
Hartford Darth Whalers batting - Pitching for Santa Clarita Music : LHP Carl Barker
|
Batting: LHB Edgar Cameron
|
0-0: Called Strike 0-1: Swinging Strike 0-2: Strikes out looking
|
Batting: RHB Richard Jeffries
|
0-0: Ball 1-0: Called Strike 1-1: Ball 2-1: Foul Ball, location: 2F 2-2: Ball 3-2: Foul Ball, location: 2F 3-2: Reached on error, E6 (Groundball, 6)
|
Batting: RHB Luis Mota
|
0-0: Ball 1-0: Foul Ball, location: 2F 1-1: Called Strike 1-2: Foul Ball, location: 2F 1-2: Fly out, F6 (Line Drive, 6)
|
Batting: RHB Vincent Lowe
|
0-0: Called Strike Richard Jeffries steals 2nd base 0-1: Ground out 6-3 (Groundball, 6S)
|
Bottom of the 7th over - 0 runs, 0 hits, 1 error, 1 left on base; Santa Clarita 2 - Hartford 1 |
TOP OF THE 8TH |
Santa Clarita Music batting - Pitching for Hartford Darth Whalers : RHP Preston Williams
|
Batting: SHB Matthew Hughes
|
0-0: Ball 1-0: Ball 2-0: Ball 3-0: Called Strike 3-1: Base on Balls
|
Pitching: RHP Jesús Caballero
|
|
Batting: RHB Roberto García
|
0-0: Swinging Strike 0-1: Foul Ball, location: 2F 0-2: Strikes out swinging
|
Batting: RHB Júlio Mateo
|
0-0: SINGLE (Groundball, 34) (infield hit) Matthew Hughes to second
|
Pitching: LHP Héctor García
|
|
Pinch Hitting: RHB Ramón Cabrera
|
0-0: Called Strike Matthew Hughes is caught stealing 3rd base 0-1: Called Strike 0-2: Foul Ball, location: 2F 0-2: SINGLE (Line Drive, 8LS) Júlio Mateo to second Runner from 2nd tries for 3rd, SAFE, throw made to third
|
Pitching: RHP Marcos Lozano
|
|
Batting: RHB Jeff Peterson
|
0-0: DOUBLE (Line Drive, 89M) Júlio Mateo scores Ramón Cabrera to third Runner from 3rd tries for Home, SAFE, no throw
|
Batting: LHB Federico Medina
|
0-0: Fly out, F8 (Line Drive, 8RM)
|
Top of the 8th over - 2 runs, 3 hits, 0 errors, 1 left on base; Santa Clarita 4 - Hartford 1 |
BOTTOM OF THE 8TH |
Hartford Darth Whalers batting - Pitching for Santa Clarita Music : LHP Carl Barker
|
Now at 2B: Juan Martínez
|
|
Now in RF: Pablo Tobías
|
|
Batting: LHB Reginald Stokes
|
0-0: Called Strike 0-1: Fly out, F7 (Line Drive, 7)
|
Batting: SHB Will O'Clerkin
|
0-0: Ball 1-0: Ground out 5-3 (Groundball, 56)
|
Batting: RHB Ryan Thrippleton
|
0-0: Foul Ball, location: 2F 0-1: Ball 1-1: Called Strike 1-2: Fly out, F7 (Flyball, 78M)
|
Bottom of the 8th over - 0 runs, 0 hits, 0 errors, 0 left on base; Santa Clarita 4 - Hartford 1 |
TOP OF THE 9TH |
Santa Clarita Music batting - Pitching for Hartford Darth Whalers : RHP Marcos Lozano
|
Pitching: RHP John O'Neill
|
|
Batting: RHB Bill Ménard
|
0-0: Ball 1-0: Called Strike 1-1: Swinging Strike 1-2: Ball 2-2: Foul Ball, location: 2F 2-2: Foul Ball, location: 2F 2-2: Ground out 5-3 (Groundball, 56)
|
Batting: RHB Geoffrey Bishop
|
0-0: Swinging Strike 0-1: Foul Ball, location: 2F 0-2: Ground out 3-1 (Groundball, 34)
|
Batting: RHB Francisco Candelária
|
0-0: Swinging Strike 0-1: Ball 1-1: Foul Ball, location: 2F 1-2: Ground out 6-3 (Groundball, 6D)
|
Top of the 9th over - 0 runs, 0 hits, 0 errors, 0 left on base; Santa Clarita 4 - Hartford 1 |
BOTTOM OF THE 9TH |
Hartford Darth Whalers batting - Pitching for Santa Clarita Music : LHP Carl Barker
|
Pitching: RHP Nick Carroll
|
|
Now at C: Leroy Bates
|
|
Batting: LHB Timothy Pierce
|
0-0: Called Strike 0-1: Ball 1-1: Ball 2-1: Swinging Strike 2-2: Ball 3-2: Strikes out looking
|
Batting: RHB Gilbert Nava
|
0-0: Swinging Strike 0-1: Foul Ball, location: 2F 0-2: Ball 1-2: Strikes out swinging
|
Batting: LHB Edgar Cameron
|
0-0: Ground out 4-3 (Groundball, 4S)
|
Bottom of the 9th over - 0 runs, 0 hits, 0 errors, 0 left on base; Santa Clarita 4 - Hartford 1 |
|